 Dungeon Crawl Stone Soup version 0.22-a0-776-ge6d7efa (webtiles) character file.

336 sking99 the Firebug (level 6, 0/45 HPs)
             Began as a Draconian Fire Elementalist on July 18, 2018.
             Slain by an orc
             ... wielding a +0 flail
              (1 damage)
             ... on level 4 of the Dungeon.
             The game lasted 00:11:44 (6040 turns).

sking99 the Firebug (Draconian Fire Elementalist)   Turns: 6040, Time: 00:11:44

Health: 0/45       AC:  7    Str: 10    XL:     6   Next: 28%
Magic:  0/10       EV: 12    Int: 17    God:
Gold:   252        SH:  0    Dex: 12    Spells: 5/11 levels left

rFire    . . .     SeeInvis .   c - +1 dagger
rCold    . . .     Gourm    .   (no shield)
rNeg     . . .     Faith    .   (armour unavailable)
rPois    .         Spirit   .   (helmet restricted)
rElec    .         Reflect  .   (no cloak)
rCorr    .         Harm     .   k - +0 pair of gloves
MR       .....                  (no boots)
Stlth    ++........             (no amulet)
HPRegen  0.15/turn              (no ring)
MPRegen  0.12/turn              (no ring)

@: no status effects
A: unfitting armour, cold-blooded, AC +6
a: no special abilities


You were on level 4 of the Dungeon.
You were hungry.

You visited 1 branch of the dungeon, and saw 4 of its levels.

You collected 252 gold pieces.

Inventory:

Hand Weapons
 c - a +1 dagger (weapon)
Armour
 k - a +0 pair of gloves (worn)
Jewellery
 h - an uncursed ring of ice {unknown}
 o - an uncursed amulet of faith {unknown}
 p - a cursed ring of teleportation {unknown}
Wands
 j - a wand of paralysis (18)
 m - a wand of polymorph (11)
Scrolls
 a - a scroll of amnesia
 e - a scroll of fog
 r - a scroll of identify
 s - a scroll of immolation
Potions
 d - 2 potions of lignification
 i - a potion of agility
 l - a potion of flight {unknown}
 q - a potion of berserk rage {unknown}
Comestibles
 b - 6 rations


   Skills:
 - Level 1.7 Dodging
 - Level 1.7 Stealth
 + Level 3.2 Spellcasting
 * Level 4.0 Conjurations
 * Level 5.0 Fire Magic


You had 5 spell levels left.
You knew the following spells:

 Your Spells              Type           Power        Failure   Level  Hunger
a - Flame Tongue          Conj/Fire      ###..        2%          1    None
b - Throw Flame           Conj/Fire      ###...       4%          2    ##.....
c - Conjure Flame         Conj/Fire      ###.....     8%          3    ###....

Your spell library contained the following spells:

 Spells                   Type           Power        Failure   Level  Hunger
 Fireball                 Conj/Fire      ###.......   58%         5    ######.
 Sticky Flame             Conj/Fire      ###.....     26%         4    ####...
 Inner Flame              Hex/Fire       ##......     19%         3    ###....


Dungeon Overview and Level Annotations

Branches:
Dungeon (4/15)
 Temple: D:4-7

Altars:
Okawaru
The Shining One


Innate Abilities, Weirdness & Mutations

Your plain brown scales are hard. (AC +6)
You cannot fit into any form of body armour.
You are cold-blooded and may be slowed by cold attacks.


Message History

Confirm with . or Enter, or press ? or * to list all spells.
Aiming: Flame Tongue (safe; 2% risk of failure)
Press: ? - help, Shift-Dir - straight line, f - orc
Aim: an orc, wielding a flail The flame tongue misses the orc.
The orc closely misses you.
Casting: Flame Tongue (safe; 2% risk of failure)
Confirm with . or Enter, or press ? or * to list all spells.
Aiming: Flame Tongue (safe; 2% risk of failure)
Press: ? - help, Shift-Dir - straight line, f/p - orc
Aim: an orc, wielding a flail The flame tongue misses the orc.
The orc closely misses you.
Casting: Flame Tongue (safe; 2% risk of failure)
Confirm with . or Enter, or press ? or * to list all spells.
You don't have enough magic to cast that spell.
Unknown command.
The orc hits you with a flail.
* * * LOW HITPOINT WARNING * * *
There is a stone staircase leading up here.
The orc hits you with a flail.
You die...

#.#)# ###.#.# #.#.#
#.....# ** #.#.#
#.#...# ,*
#.#.###.#...# ,*
#.#.....#.W.# ,*
*,#.#####...# ,*
*,#######...#
,******,,.......o.#
,,,,,****#######@.#
,***,,,,,,,,,,,##.#
,,,,,,,,,,,,,,,,..#
****,,,,,,,,,,,*###
*,,,,,,,,,,,*
*,,,,,,,,,,,*
****,***********
,,,,,* ******


You could see a phantom and an orc.

Vanquished Creatures
  A scorpion (D:4)
  2 orc priests
  An iguana (D:4)
  An orc wizard (D:3)
  7 adders
  An ooze (D:2)
  2 adder skeletons (D:4)
  5 worms
  3 dart slugs
  2 leopard geckos
  2 orcs
  10 bats
  5 giant cockroaches
  8 goblins
  10 hobgoblins
  4 jackals (D:2)
  5 quokkas
  A ball python (D:1)
  2 ball python skeletons (D:4)
  2 frilled lizards (D:2)
  11 kobolds
  5 rats
90 creatures vanquished.

Notes
Turn   | Place    | Note
-------+----------+-------------------------------------------
     0 | D:1      | sking99 the Draconian Fire Elementalist began the quest for the Orb.
     0 | D:1      | Reached XP level 1. HP: 14/14 MP: 3/3
   554 | D:1      | Reached XP level 2. HP: 15/20 MP: 0/5
   668 | D:1      | Learned a level 2 spell: Throw Flame
  1921 | D:2      | Reached XP level 3. HP: 11/26 MP: 0/6
  2295 | D:2      | Found an iron altar of Okawaru.
  2600 | D:2      | Learned a level 3 spell: Conjure Flame
  2711 | D:2      | Reached XP level 4. HP: 33/33 MP: 1/7
  3053 | D:2      | Reached skill level 4 in Fire Magic
  3915 | D:2      | Reached XP level 5. HP: 22/38 MP: 0/9
  5416 | D:4      | Found a glowing golden altar of the Shining One.
  5955 | D:4      | Noticed a phantom
  5980 | D:4      | Reached XP level 6. HP: 6/45 MP: 0/10
  6017 | D:4      | Reached skill level 5 in Fire Magic
  6038 | D:4      | HP: 1/45 [orc/flail (6)]
  6040 | D:4      | Slain by an orc

Vault maps used:
D:1:      evilmike_arrival_run_for_it
D:2:      nicolae_overflow_crystal_walls
D:4:      lemuel_crystal_altar, first_ration, uniq_duvessa

Skill      XL: |  1  2  3  4  5  6 |
---------------+-------------------+-----
Conjurations   | 2 3 4 |  4.0
Fire Magic     | 4 5 |  5.0
Spellcasting   | 3 |  3.2
Dodging        | |  1.7
Stealth        | |  1.7

Action                   |  1- 3 |  4- 6 || total
-------------------------+-------+-------++-------
Melee: Unarmed           |    11 |       ||    11
       Dagger            |    28 |    23 ||    51
       Tailslap          |     3 |     4 ||     7
 Cast: Flame Tongue      |    57 |    91 ||   148
       Throw Flame       |    18 |    44 ||    62
       Conjure Flame     |       |     1 ||     1
  Use: Scroll            |       |    11 ||    11
       Potion            |       |     2 ||     2
  Eat: Chunk             |     8 |    12 ||    20
Armor: Skin              |    19 |    12 ||    31
Dodge: Dodged            |    33 |    38 ||    71

Table legend:
 A = Spawn XP
 B = Non-spawn XP
 C = Spawn XP percentage of total XP
 D = Spawn monster count
 E = Non-spawn monster count
 F = Spawn count percentage of total count
 G = Total turns spent on level
                    A         B        C        D         E        F      G
               +---------+---------+-------+---------+---------+-------+---------
         Total |       0 |     481 |   0.0 |       0 |      90 |   0.0 |  6040
               +---------+---------+-------+---------+---------+-------+---------
           D:1 |       0 |      36 |   0.0 |       0 |      18 |   0.0 |  1771
           D:2 |       0 |     173 |   0.0 |       0 |      37 |   0.0 |  2335
           D:3 |       0 |     101 |   0.0 |       0 |      23 |   0.0 |  1288
           D:4 |       0 |     171 |   0.0 |       0 |      12 |   0.0 |   646
               +---------+---------+-------+---------+---------+-------+---------
